Map: Orbital Shipyard

Players

ILLBdA

  • Race: Protoss Protoss
  • League: Diamond

llllllllllll - Winner!

  • Race: Terran Terran
  • League: Diamond

VOD

Have the link to the VOD?

Description

Time

  • Played on: Jan. 1, 2016, 8:53 a.m.
  • Length: 19:01
Show
View Real Time Build Order
Export as new Build Order

ILLBdA Protoss 

Build Orders: 1 Gate Expand 

Get SALT Encoding   

  12  0:01  Probe (Chrono Boost)  
  13  0:11  Probe (Chrono Boost)  
  14  0:18  Pylon  
  14  0:22  Probe (Chrono Boost)  
  15  0:37  Gateway  
  15  0:39  Assimilator  
  16  0:42  Probe (Chrono Boost)  
  16  0:53  Probe (Chrono Boost)  
  17  1:04  Probe (Chrono Boost)  
  18  1:16  Probe (Chrono Boost)  
  19  1:21  Nexus  
  19  1:31  Cybernetics Core  
  19  1:34  Probe (Chrono Boost)  
  20  1:45  Probe (Chrono Boost)  
  21  1:50  Assimilator  
  21  1:52  Pylon  
  21  1:55  Probe (Chrono Boost)  
  22  2:06  Probe (Chrono Boost)  
  23  2:10  Adept (Chrono Boost), Warp Gate  
  25  2:24  Mothership Core (Chrono Boost)  
  27  2:33  Probe (Chrono Boost)  
  28  2:40  Stalker  
  28  2:43  Probe (Chrono Boost)  
  28  2:44  Probe (Chrono Boost)  
  32  2:53  Probe (Chrono Boost)  
  32  2:54  Probe (Chrono Boost)  
  32  2:55  Robotics Facility  
  34  3:04  Probe (Chrono Boost)  
  34  3:05  Probe (Chrono Boost)  
  36  3:14  Probe (Chrono Boost), Pylon  
  36  3:15  Pylon  
  37  3:29  Pylon  
  37  3:31  Stalker, Pylon  
  35  3:42  Probe (Chrono Boost)  
  35  3:44  Observer  
  35  3:45  Pylon  
  35  3:48  Twilight Council  
  37  3:49  Probe (Chrono Boost)  
  38  4:01  Probe (Chrono Boost)  
  39  4:06  Gateway  
  39  4:07  Gateway  
  39  4:10  Observer  
  39  4:11  Gateway  
  39  4:14  Probe (Chrono Boost)  
  39  4:15  Blink (Chrono Boost)  
  41  4:17  Stalker  
  41  4:19  Probe (Chrono Boost)  
  44  4:24  Probe (Chrono Boost)  
  44  4:27  Assimilator x2  
  44  4:30  Probe (Chrono Boost)  
  46  4:38  Probe (Chrono Boost)  
  47  4:40  Pylon  
  47  4:43  Stalker  
  50  4:47  Probe (Chrono Boost)  
  50  4:54  Pylon  
  48  5:02  Mothership Core (Chrono Boost)  
  47  5:08  Stalker x2  
  48  5:17  Probe (Chrono Boost)  
  48  5:20  Probe (Chrono Boost)  
  50  5:24  Gateway x2  
  51  5:29  Probe (Chrono Boost)  
  51  5:30  Stalker x2  
  51  5:31  Stalker  
  51  5:33  Probe (Chrono Boost)  
  58  5:41  Probe (Chrono Boost), Pylon  
  59  5:45  Probe (Chrono Boost)  
  60  5:53  Stalker  
  62  5:59  Stalker x2  
  66  6:06  Probe (Chrono Boost)  
  66  6:09  Probe (Chrono Boost)  
  68  6:24  Probe (Chrono Boost)  
  69  6:30  Robotics Bay  
  69  6:32  Probe (Chrono Boost)  
  70  6:34  Pylon x2  
  70  6:37  Dark Shrine  
  70  6:43  Pylon  
  70  6:52  Probe x2  
  72  6:54  Pylon  
  72  6:56  Stalker x2  
  72  6:57  Stalker  
  78  7:04  Probe x2  
  80  7:09  Observer (Chrono Boost)  
  81  7:16  Probe  
  81  7:19  Stalker x3  
  88  7:29  Disruptor (Chrono Boost)  
  91  7:32  Probe  
  92  7:38  Stalker x3  
  98  7:47  Pylon  
  98  8:09  Probe  
  98  8:10  Dark Templar  
  98  8:11  Dark Templar x2  
  105  8:21  Gateway  
  105  8:23  Gateway  
  105  8:24  Pylon  
  104  8:35  Probe  
  105  8:41  Probe  
  106  8:49  Nexus  
  106  8:52  Pylon  
  108  8:58  Stalker  
  108  8:59  Stalker x3  
  112  9:06  Disruptor (Chrono Boost)  
  111  9:10  Robotics Facility  
  111  9:11  Probe  
  112  9:18  Stalker x2  
  116  9:26  Probe, Forge  
  117  9:33  Dark Templar  
  117  9:37  Probe  
  120  9:39  Pylon  
  120  9:40  Disruptor (Chrono Boost)  
  123  9:54  Probe  
  123  9:59  Disruptor (Chrono Boost)  
  125  10:00  Pylon  
  125  10:13  Immortal (Chrono Boost)  
  129  10:17  Protoss Ground Armor Level 1 (Chrono Boost)  
  129  10:22  Probe  
  129  10:23  Assimilator  
  129  10:24  Stalker, Assimilator  
  129  10:25  Stalker x2  
  136  10:44  Immortal (Chrono Boost)  
  140  10:53  Immortal (Chrono Boost)  
  144  10:57  Pylon  
  144  11:01  Templar Archives  
  144  11:10  Nexus  
  144  11:16  Pylon  
  144  11:18  Immortal (Chrono Boost)  
  148  11:27  Pylon  
  148  11:28  Photon Cannon  
  148  11:32  Pylon  
  148  11:34  Dark Templar  
  150  11:41  Forge  
  150  11:46  Pylon  
  150  11:50  Dark Templar x2  
  150  11:51  Pylon  
  150  11:55  Dark Templar x2  
  150  11:57  Immortal  
  150  12:00  Pylon  
  153  12:02  Stargate  
  153  12:03  Stargate  
  157  12:16  Protoss Ground Armor Level 2, Protoss Ground Weapons Level 1  
  157  12:22  Immortal  
  157  12:31  Probe  
  157  12:34  Probe  
  159  12:42  Stalker x5  
  159  12:43  Stalker  
  171  12:48  Probe  
  172  12:53  Assimilator  
  172  12:54  Assimilator  
  172  13:01  Pylon  
  172  13:03  Psionic Storm  
  172  13:06  Photon Cannon  
  172  13:14  Probe  
  172  13:16  Fleet Beacon  
  172  13:19  Probe  
  174  13:29  Warp Prism  
  174  13:37  Stalker x2  
  180  13:42  Charge  
  180  13:49  Pylon  
  180  13:51  Photon Cannon  
  180  13:53  Photon Cannon  
  178  14:00  Tempest (Chrono Boost)  
  178  14:02  Tempest (Chrono Boost)  
  186  14:12  Adept x3  
  192  14:22  Gravitic Drive (Chrono Boost)  
  192  14:27  Stalker x2  
  192  14:28  Stalker  
  198  14:46  Stalker  
  198  14:51  Pylon  
  196  15:00  Photon Cannon  
  196  15:02  Photon Cannon  
  196  15:03  Photon Cannon  
  196  15:06  Tempest  
  200  15:16  Observer Gravitic Boosters (Chrono Boost)  
  196  15:25  Probe  
  196  15:27  Pylon  
  197  15:40  Protoss Ground Weapons Level 2 (Chrono Boost)  
  197  15:41  Protoss Ground Armor Level 3 (Chrono Boost)  
  197  15:42  Stargate  
  197  15:43  Nexus  
  197  15:44  Pylon  
  197  15:45  Stargate  
  197  15:47  Pylon  
  197  15:53  Pylon  
  197  15:56  Pylon  
  197  15:58  Pylon  
  196  16:07  Tempest  
  188  16:13  Tempest  
  196  16:25  Pylon  
  196  16:44  Tempest  
  176  16:59  Tempest x3  
  176  17:00  Pylon  
  138  17:01  Nexus  
  116  17:17  Stalker  
  116  17:18  Stalker x6  
  116  17:19  Stalker  
  132  17:25  Tempest  
  115  17:42  Tempest x2  
  123  17:45  Stalker x3  
  129  17:54  Assimilator  
  129  17:56  Assimilator  
  129  18:01  High Templar  
  131  18:22  Stalker x2  
  135  18:37  High Templar  
Show
View Real Time Build Order
Export as new Build Order

llllllllllll Terran - Winner!

Build Orders:  

Get SALT Encoding   

  12  0:01  SCV  
  13  0:13  SCV  
  14  0:18  Supply Depot  
  14  0:25  SCV  
  15  0:39  SCV  
  15  0:41  Barracks  
  16  0:50  Barracks  
  16  0:53  SCV  
  17  1:05  SCV  
  18  1:17  SCV  
  19  1:28  Marine  
  19  1:30  Orbital Command  
  20  1:49  Command Center  
  20  1:51  Marine x2  
  22  2:00  Supply Depot  
  22  2:04  SCV  
  22  2:08  Refinery  
  23  2:10  Refinery  
  23  2:22  SCV, Marine x2  
  26  2:34  SCV  
  27  2:39  Marine x2  
  29  2:46  SCV  
  30  2:57  Marine  
  30  2:58  Factory  
  31  3:00  Marine  
  31  3:01  SCV  
  33  3:06  Orbital Command  
  33  3:13  SCV  
  33  3:15  Marine  
  35  3:28  SCV  
  35  3:30  Factory  
  35  3:33  Marine x2  
  38  3:40  SCV  
  38  3:45  SCV, Factory Tech Lab  
  39  3:50  Supply Depot  
  39  3:52  SCV, Marine  
  39  3:53  Marine  
  42  3:58  SCV  
  43  4:04  SCV  
  44  4:10  SCV  
  44  4:11  Cyclone  
  44  4:12  Supply Depot  
  44  4:13  Marine x2  
  44  4:14  Factory Tech Lab  
  50  4:17  SCV  
  50  4:22  SCV  
  52  4:29  SCV  
  52  4:31  Marine  
  54  4:34  SCV, Siege Tank, Supply Depot, Marine  
  59  4:41  SCV  
  60  4:46  SCV  
  60  4:56  Siege Tank  
  63  5:00  Marine x2  
  63  5:01  SCV x2  
  61  5:18  Siege Tank, Marine x2  
  62  5:22  Refinery  
  62  5:23  Command Center, Refinery  
  62  5:24  Supply Depot  
  62  5:25  Supply Depot  
  62  5:28  Siege Tank  
  65  5:32  SCV  
  65  5:33  SCV  
  67  5:37  Marine  
  67  5:38  Marine  
  69  5:42  Engineering Bay  
  69  5:44  Armory, SCV  
  69  5:46  SCV  
  71  5:54  Supply Depot x2  
  71  5:57  SCV, Marine  
  72  5:58  SCV, Marine  
  75  6:04  Starport  
  75  6:09  SCV  
  75  6:10  SCV  
  77  6:15  Marine  
  77  6:18  Marine  
  79  6:21  SCV, Missile Turret  
  79  6:22  SCV, Supply Depot  
  79  6:24  Missile Turret  
  81  6:27  Missile Turret  
  81  6:28  Siege Tank x2  
  87  6:33  Marine  
  87  6:35  Orbital Command  
  87  6:36  Marine  
  87  6:39  SCV x2, Liberator  
  91  6:47  Missile Turret  
  91  6:51  Marine  
  91  6:52  Missile Turret  
  91  6:53  Terran Vehicle Weapons Level 1  
  92  7:00  Siege Tank  
  98  7:11  Siege Tank  
  98  7:14  SCV x3  
  98  7:15  Supply Depot  
  104  7:22  Missile Turret  
  104  7:24  Missile Turret  
  104  7:25  Marine  
  104  7:26  SCV, Liberator, Marine  
  104  7:27  Missile Turret  
  107  7:32  SCV x2, Siege Tank  
  115  7:56  Siege Tank  
  115  7:57  Orbital Command  
  118  8:02  SCV x2  
  118  8:04  Siege Tank  
  122  8:14  SCV  
  122  8:17  SCV  
  124  8:26  SCV  
  125  8:29  SCV, Siege Tank  
  129  8:34  SCV  
  129  8:36  Siege Tank, Refinery  
  129  8:39  SCV  
  129  8:41  Refinery  
  133  8:42  Supply Depot  
  133  8:45  Starport Tech Lab  
  133  8:46  Supply Depot  
  133  8:49  Supply Depot  
  133  8:50  SCV, Starport  
  133  8:51  SCV, Starport  
  133  8:52  SCV  
  122  9:03  Missile Turret  
  122  9:09  SCV x3  
  124  9:12  Missile Turret x2  
  124  9:21  SCV x3  
  127  9:28  Starport Reactor  
  127  9:30  Starport Tech Lab  
  127  9:33  Fusion Core  
  127  9:34  Starport, Terran Ship Weapons Level 1  
  127  9:36  Armory, Siege Tank  
  130  9:40  SCV x3  
  130  9:44  Liberator x2  
  133  9:51  Liberator  
  133  9:52  SCV x2  
  144  10:14  Command Center  
  144  10:23  Behemoth Reactor  
  144  10:25  Command Center  
  144  10:27  Terran Vehicle And Ship Armor Level 1  
  144  10:30  Liberator x2  
  144  10:35  Missile Turret x2  
  144  10:37  Missile Turret  
  144  10:38  Missile Turret  
  144  10:43  Starport Tech Lab  
  150  11:11  Liberator  
  150  11:15  Command Center  
  150  11:21  Sensor Tower  
  150  11:25  Supply Depot  
  150  11:26  Supply Depot x2  
  150  11:27  Supply Depot  
  150  11:28  Supply Depot  
  150  11:29  Battlecruiser  
  150  11:30  Supply Depot  
  150  11:31  Weapon Refit  
  159  11:46  Supply Depot  
  159  11:54  Refinery  
  159  11:56  Planetary Fortress, Refinery  
  159  11:58  Battlecruiser  
  165  12:14  Missile Turret, Orbital Command  
  164  12:18  Missile Turret  
  164  12:22  Missile Turret  
  160  12:24  Battlecruiser  
  160  12:25  Missile Turret  
  160  12:26  Terran Vehicle And Ship Armor Level 2  
  166  12:30  Terran Ship Weapons Level 2  
  166  12:48  Battlecruiser  
  166  12:51  Missile Turret x2  
  172  13:09  Command Center x2  
  172  13:15  Command Center, Orbital Command  
  172  13:26  Battlecruiser  
  178  13:29  Battlecruiser  
  184  13:53  Battlecruiser, Sensor Tower  
  189  14:11  Starport  
  189  14:30  Battlecruiser  
  195  14:43  Cyclone x2  
  198  14:49  Viking x2  
  198  14:50  Viking  
  190  15:30  Viking x4  
  190  15:34  Viking  
  190  15:35  Orbital Command  
  200  15:40  Command Center  
  172  17:03  Battlecruiser x3  
  188  17:18  Planetary Fortress  
  188  17:35  Cyclone  
  188  17:36  Cyclone  
  194  17:54  Starport Tech Lab  
  194  17:57  Refinery  
  194  18:00  Missile Turret  
  194  18:02  Refinery  
Tags
 
Add a new tag
Caveats
  • Supply blocks, unpowered buildings, or Contaminate may cause inaccurate times.
  • Supply counts are checked every 10 seconds.